AoeStats
← Buhr

Nomad

509995157Analyzed
4v4 RM · 5d ago on Sep 29, 2026· 25m 29s· 8 players
Game mode
Random Map
Map size
231×231
Population
200
Speed
Normal
Resources
Standard
Victory
Conquest
Starting age
Dark Age
Ending age
Imperial Age
RankedLock teamsTeams togetherTeam positionsShared explorationLock speedFull tech treeHidden civsTurbo modeCheats
Victory
Defeat
🇨🇱 Byzantines · Chile
1649
+14
🇨🇱 Persians · Chile
1554
+18
1519
+20
🇨🇱 Mongols · Chile
1426
+24
🇨🇦 Burmese · Canada
1627
-20
🇺🇸 Chinese · United States
1599
-19
🇨🇳 Japanese · China
1591
-19
🇫🇷 Burgundians · France
1584
-18
Buhr
3:06 Loom
15:37 Feudal Age
19:17 Castle Age
17:37 Double-Bit Axe
17:48 Fletching
17:58 Town Watch
17:56 Horse Collar
18:11 Stone Mining
18:37 Horse Collar
20:53 Bow Saw
21:13 Bodkin Arrow
Jambonbeurre
6:10 Loom
13:04 Feudal Age
14:21 Double-Bit Axe
16:43 Castle Age
15:40 Bow Saw
15:49 Gold Mining
20:35 Scale Barding Armor
mRmaxime
3:04 Loom
13:45 Feudal Age
17:57 Castle Age
16:58 Horse Collar
18:40 Heavy Plow
19:14 Stone Mining
21:03 Town Watch
25:00 Pikeman
25:42 Scale Mail Armor
我是你大飞哥
3:58 Loom
14:15 Feudal Age
14:45 Double-Bit Axe
15:59 Stone Mining
18:26 Castle Age
19:05 Forging
18:58 Scale Mail Armor
19:28 Medium Warships
19:43 Bow Saw
19:29 Fishing Lines
21:39 Gillnets
22:30 Iron Casting
25:00 Squires
[CL]CHiNO
6:11 Loom
14:54 Feudal Age
18:49 Castle Age
16:52 Gold Mining
17:04 Double-Bit Axe
17:36 Scale Barding Armor
17:22 Fishing Lines
19:40 Forging
22:13 Wheelbarrow
22:26 Husbandry
24:10 Devotion
24:33 Bow Saw
[CL] ~C H R I $-
3:08 Loom
13:09 Feudal Age
14:31 Double-Bit Axe
21:13 Castle Age
19:48 Gold Mining
19:50 Stone Mining
22:31 Padded Archer Armor
22:22 Fletching
25:32 Bodkin Arrow
25:53 Leather Archer Armor
[CL] Guatona, Guatona qla fea
8:53 Loom
12:34 Feudal Age
15:05 Double-Bit Axe
16:56 Wheelbarrow
20:00 Castle Age
20:09 Forging
19:54 Gold Mining
19:45 Horse Collar
19:52 Fishing Lines
20:53 Medium Warships
20:50 Scale Mail Armor
22:41 Iron Casting
22:21 Chain Mail Armor
24:29 Chain Mail Armor
24:51 Gillnets
25:42 Horse Collar
[CL]Jupy
9:44 Loom
12:28 Feudal Age
13:21 Double-Bit Axe
14:53 Fishing Lines
19:30 Castle Age
18:41 Gold Mining
24:34 Imperial Age
22:42 Bow Saw
24:45 Fletching
26:15 Chemistry
Connection lost

Rejoining the realm…

Still unreachable

The connection could not be restored.

Session expired

The server has moved on; the page needs a fresh start.